Map: Proxima Station LE

Players

llllllllllll - Winner!

  • Race: Terran Terran
  • Spawn Location: 1:00

FLORENCIO

  • Race: Protoss Protoss
  • League: Diamond
  • Spawn Location: 7:00

VOD

Have the link to the VOD?

Description

Time

  • Played on: May 9, 2017, 5:29 p.m.
  • Length: 23:27
Show
View Real Time Build Order
Export as new Build Order

llllllllllll Terran - Winner!

Build Orders: Cyclone Opening, MMM Bio 

Get SALT Encoding   

  12  0:00  SCV  
  13  0:13  SCV  
  14  0:17  Supply Depot  
  14  0:25  SCV  
  15  0:28  Refinery  
  15  0:41  Barracks  
  15  0:45  SCV  
  16  0:53  Refinery  
  16  0:57  SCV  
  17  1:09  SCV  
  18  1:21  SCV  
  19  1:33  SCV  
  19  1:34  Factory  
  20  1:40  Marine  
  21  1:48  Orbital Command  
  21  1:59  Supply Depot  
  21  2:11  Barracks Reactor  
  22  2:15  SCV  
  22  2:21  Cyclone  
  25  2:27  SCV  
  26  2:36  Starport  
  26  2:40  SCV  
  27  2:47  Supply Depot  
  27  2:52  SCV  
  28  3:03  Hellion  
  28  3:04  SCV  
  31  3:07  Barracks Tech Lab  
  31  3:09  Cyclone  
  34  3:14  Supply Depot  
  34  3:16  SCV  
  35  3:23  Widow Mine  
  37  3:28  SCV  
  38  3:36  Medivac  
  38  3:40  SCV  
  41  3:42  Supply Depot, Widow Mine  
  43  3:52  SCV  
  44  4:03  Engineering Bay  
  44  4:04  SCV  
  44  4:08  Widow Mine  
  47  4:16  SCV  
  48  4:19  Command Center  
  48  4:29  SCV  
  49  4:34  Missile Turret  
  47  4:39  Viking  
  47  4:41  Widow Mine x2  
  49  4:55  Marine  
  49  4:56  SCV  
  46  5:09  Viking  
  48  5:20  Cyclone x2  
  52  5:21  SCV, Marine  
  52  5:27  Supply Depot  
  53  5:30  Supply Depot  
  53  5:31  Missile Turret  
  53  5:33  SCV  
  51  5:55  SCV  
  52  5:57  Barracks Tech Lab  
  52  6:02  Barracks  
  52  6:05  Barracks x2  
  52  6:10  Viking  
  53  6:32  Widow Mine  
  53  6:33  Widow Mine  
  57  6:42  Missile Turret  
  55  6:51  SCV  
  56  6:55  Barracks Reactor x2  
  56  6:56  Barracks Reactor  
  56  6:57  Stimpack  
  56  6:59  Terran Infantry Weapons Level 1  
  56  7:04  Engineering Bay  
  56  7:11  Orbital Command  
  56  7:19  Missile Turret  
  56  7:35  SCV  
  57  7:39  Terran Infantry Armor Level 1  
  57  7:42  Factory  
  57  7:49  Barracks  
  57  7:56  Marine x3  
  57  7:58  Viking  
  60  8:06  Barracks  
  60  8:09  Barracks  
  60  8:14  Supply Depot x2, SCV  
  59  8:24  Marine x3  
  55  8:42  Marine  
  55  8:44  SCV  
  57  8:56  SCV  
  50  9:06  Marine x5  
  50  9:07  Combat Shields  
  55  9:17  SCV  
  52  9:29  SCV  
  53  9:50  Command Center  
  53  10:06  Barracks Reactor x2, Marine x2  
  55  10:09  Starport Reactor  
  55  10:11  Supply Depot  
  55  10:13  Supply Depot  
  55  10:15  Marine  
  53  10:25  Marine x2  
  51  10:28  Orbital Command  
  41  11:16  Marine  
  41  11:17  Marine x2  
  43  11:18  Marine  
  43  11:20  Marine  
  43  11:22  Marine  
  46  11:38  Marine x4  
  46  11:39  Marine x2  
  50  11:49  Marine  
  47  12:04  Supply Depot  
  47  12:05  Supply Depot x2  
  47  12:06  Supply Depot  
  47  12:07  Supply Depot  
  47  12:08  Supply Depot  
  47  12:20  Orbital Command  
  47  12:28  Marine x5  
  52  12:45  Marine x3  
  50  12:55  Marine  
  50  12:56  Marine  
  47  13:03  Marine x3  
  48  13:13  Marine  
  45  13:21  Marine  
  42  13:27  Marine x3  
  42  13:31  Marine  
  44  13:39  Marine  
  44  13:45  Marine x2  
  46  13:54  Marine, Refinery  
  47  13:56  Refinery  
  47  14:06  Missile Turret  
  47  14:08  Marine x4  
  51  14:15  Marine  
  49  14:26  Marine x4  
  50  14:33  Marine  
  47  14:44  Marine x3  
  45  14:46  Marine  
  45  14:51  Marine  
  44  15:01  Marine  
  44  15:02  Marine x2  
  44  15:03  SCV  
  48  15:08  Missile Turret, Command Center  
  46  15:29  Supply Depot  
  46  15:30  Supply Depot  
  46  15:38  SCV  
  46  15:40  Marine x3  
  50  15:43  Marine  
  48  16:14  Marine  
  48  16:15  Marine x4  
  45  16:32  Orbital Command, Marine  
  42  16:39  Marine x2  
  44  16:40  Widow Mine  
  42  16:50  Marine  
  42  16:57  Marine  
  42  17:00  Marine  
  42  17:08  Marine  
  42  17:10  SCV x2  
  45  17:23  Marine x2  
  47  17:31  Starport, Barracks  
  47  17:33  Barracks  
  47  17:40  Marine  
  46  17:47  Marauder, Marine  
  47  17:57  SCV x2  
  43  18:10  Marine x2  
  43  18:11  Marauder  
  36  18:24  Marine x4  
  40  18:32  Marauder  
  40  18:36  Marine x2  
  40  18:45  Marine x4  
  44  18:53  Marauder  
  45  19:00  SCV x2  
  47  19:05  Medivac  
  47  19:08  Medivac  
  51  19:11  Marine  
  51  19:12  SCV x2  
  53  19:23  Armory  
  53  19:24  SCV x2  
  53  19:29  Marine, Marauder  
  53  19:31  Marine  
  59  19:33  Marine  
  59  19:34  Marine  
  59  19:37  Marine x2  
  63  19:44  Supply Depot x2  
  63  19:59  Marine x5, Marauder  
  69  20:00  Marine  
  69  20:01  Medivac  
  73  20:07  Medivac  
  74  20:49  Marine x4, Marauder  
  78  21:11  Marauder  
  75  21:22  Marine x4  
  75  21:23  Marine x2  
  75  21:24  Viking x2  
  82  21:27  Widow Mine  
  82  21:32  Marauder  
  86  21:40  Marine x5  
  87  21:54  Marauder  
  87  21:56  Viking  
  87  21:59  Viking  
  87  22:07  Refinery  
  78  22:17  Marauder  
  80  22:39  Supply Depot, Refinery  
  80  22:41  Supply Depot  
  78  22:48  Orbital Command  
  64  23:23  Supply Depot  
Show
View Real Time Build Order
Export as new Build Order

FLORENCIO Protoss 

Build Orders:  

Get SALT Encoding   

  12  0:01  Probe (Chrono Boost)  
  13  0:11  Probe (Chrono Boost)  
  14  0:23  Probe (Chrono Boost)  
  14  0:24  Pylon  
  16  0:43  Probe (Chrono Boost)  
  16  0:46  Gateway  
  16  0:53  Probe (Chrono Boost)  
  17  1:00  Assimilator  
  17  1:04  Assimilator, Probe (Chrono Boost)  
  18  1:09  Pylon  
  18  1:14  Probe (Chrono Boost)  
  19  1:25  Probe (Chrono Boost)  
  20  1:35  Probe (Chrono Boost)  
  20  1:36  Gateway  
  21  1:46  Probe (Chrono Boost)  
  22  1:52  Cybernetics Core  
  22  1:56  Probe (Chrono Boost)  
  23  2:02  Pylon  
  22  2:14  Probe (Chrono Boost)  
  23  2:23  Pylon  
  23  2:24  Pylon, Probe (Chrono Boost)  
  24  2:48  Stargate  
  24  2:49  Stargate  
  24  2:56  Forge  
  24  3:01  Pylon  
  24  3:04  Mothership Core (Chrono Boost)  
  26  3:30  Void Ray  
  30  3:38  Void Ray  
  34  3:46  Photon Cannon  
  33  4:07  Void Ray  
  37  4:52  Void Ray  
  37  5:10  Void Ray  
  41  5:36  Void Ray  
  37  6:01  Void Ray  
  41  6:07  Nexus  
  41  6:08  Pylon  
  41  6:19  Void Ray  
  45  6:54  Void Ray  
  49  7:01  Pylon  
  49  7:03  Pylon  
  49  7:05  Assimilator  
  49  7:07  Assimilator  
  49  7:12  Pylon  
  49  7:39  Void Ray  
  53  8:00  Void Ray  
  53  8:21  Void Ray  
  49  9:02  Void Ray  
  53  9:14  Probe (Chrono Boost)  
  54  9:24  Probe (Chrono Boost)  
  55  9:35  Probe (Chrono Boost)  
  55  9:37  Void Ray  
  53  9:45  Probe (Chrono Boost)  
  53  9:47  Void Ray  
  57  9:56  Probe (Chrono Boost)  
  57  9:57  Probe (Chrono Boost)  
  59  10:07  Probe (Chrono Boost)  
  60  10:09  Probe (Chrono Boost)  
  61  10:17  Probe (Chrono Boost)  
  63  10:21  Probe (Chrono Boost)  
  63  10:28  Probe (Chrono Boost)  
  60  10:31  Void Ray  
  60  10:33  Probe (Chrono Boost)  
  61  10:37  Void Ray  
  69  10:45  Probe (Chrono Boost)  
  70  10:52  Robotics Facility  
  70  10:54  Pylon  
  71  10:57  Probe (Chrono Boost)  
  67  11:18  Void Ray  
  67  11:23  Oracle  
  75  11:25  Probe (Chrono Boost)  
  75  11:36  Probe (Chrono Boost)  
  72  12:05  Observer  
  72  12:08  Gateway  
  73  12:09  Gateway  
  73  12:12  Gateway  
  73  12:56  Void Ray  
  61  13:02  Void Ray  
  65  13:34  Void Ray  
  65  13:45  Void Ray  
  65  13:48  Stalker x3  
  73  13:50  Observer  
  71  14:18  Stalker  
  68  14:48  Void Ray  
  59  14:54  Void Ray  
  59  14:58  Stalker x2  
  59  14:59  Stalker  
  73  15:25  Void Ray  
  73  15:31  Stalker x3  
  83  15:37  Robotics Bay  
  83  15:44  Robotics Facility  
  75  16:32  Stalker x3  
  77  16:55  Colossus  
  75  17:15  Nexus  
  75  17:17  Pylon  
  75  17:18  Pylon  
  75  17:22  Assimilator, Colossus  
  81  17:24  Zealot x3  
  81  17:26  Assimilator, Zealot  
  81  17:27  Probe (Chrono Boost)  
  90  17:32  Probe (Chrono Boost)  
  91  17:38  Probe (Chrono Boost)  
  91  17:42  Probe (Chrono Boost)  
  71  18:36  Stalker x3  
  71  18:38  Observer  
  74  18:48  Warp Gate  
  74  18:53  Gateway  
  74  18:55  Gateway, Colossus  
  74  18:56  Gateway  
  74  19:00  Pylon  
  74  19:01  Gateway  
  76  19:03  Gateway  
  76  19:04  Pylon  
  76  19:06  Stalker  
  78  19:10  Stalker  
  78  19:15  Probe (Chrono Boost)  
  81  19:25  Probe x2 (Chrono Boost)  
  83  19:32  Extended Thermal Lance  
  83  19:36  Probe (Chrono Boost)  
  84  19:38  Stalker x2  
  84  19:43  Nexus  
  88  19:53  Probe (Chrono Boost)  
  89  20:00  Stalker x2  
  95  20:12  Pylon  
  95  20:18  Mothership Core (Chrono Boost)  
  90  20:53  Stalker x3  
  96  21:02  Pylon  
  84  21:05  Pylon  
  84  21:07  Pylon  
  68  22:28  Gateway  
  68  22:29  Gateway  
  68  22:32  Gateway  
  68  22:38  Stalker  
  66  22:50  Pylon  
  64  22:53  Pylon  
  64  22:55  Stalker, Pylon  
Tags
 
Composition
MMM Bio
League
Diamond
Matchup
PvT
Spawn Locations
Cross Positions
Add a new tag
Caveats
  • Supply blocks, unpowered buildings, or Contaminate may cause inaccurate times.
  • Supply counts are checked every 10 seconds.